 Dungeon Crawl Stone Soup version 0.25.0-46-gbd7b0854d2 (webtiles) character file.

Game seed: 16064476654147470670

37 Milting the Insei (level 3, 0/23 HPs)
             Began as an Octopode Transmuter on July 13, 2020.
             Succumbed to an adder's poison
             ... on level 2 of the Dungeon.
             The game lasted 00:04:44 (1056 turns).

Milting the Insei (Octopode Transmuter)             Turns: 1056, Time: 00:04:45

Health: 0/23       AC:  1    Str: 10    XL:     3   Next: 39%
Magic:  6/6        EV: 13    Int: 15    God:
Gold:   84         SH:  0    Dex: 12    Spells: 5/6 levels left

rFire    . . .     SeeInvis .     - Unarmed
rCold    . . .     Gourm    .   (no shield)
rNeg     . . .     Faith    .   (helmet restricted)
rPois    .         Spirit   .   (no amulet)
rElec    .         Reflect  .   (no ring)
rCorr    .         Harm     .   (no ring)
MR       .....                  (no ring)
Stlth    +++.......             (no ring)
HPRegen  0.07/turn              (no ring)
MPRegen  0.10/turn              (no ring)
                                (no ring)
                                (no ring)

@: mighty, brilliant, lethally poisoned (0 -> -3)
A: almost no armour, stealthy swim, amphibious, 8 rings, constrict 8, camouflage
1, gelatinous body 1
a: no special abilities


You were on level 2 of the Dungeon.
You were not hungry.

You visited 1 branch of the dungeon, and saw 2 of its levels.

You collected 84 gold pieces.

Inventory:

Missiles
 a - 12 arrows
 f - 14 stones (quivered)
 k - 31 poisoned darts
Scrolls
 b - a scroll of enchant weapon {unknown}
 d - 3 scrolls of remove curse {unknown}
 h - a scroll of blinking {unknown}
 i - 2 scrolls of identify {unknown}
 m - a scroll of fog {unknown}
Comestibles
 c - a ration
 j - 5 chunks of flesh


   Skills:
 + Level 1.2 Fighting
 + Level 2.2 Dodging
 + Level 1.5 Stealth
 + Level 3.1 Unarmed Combat
 * Level 2.4 Spellcasting
 * Level 2.4 Transmutations


You had 5 spell levels left.
You knew the following spells:

 Your Spells              Type           Power        Failure   Level  Hunger
a - Beastly Appendage     Tmut           ##....       8%          1    None

Your spell library contained the following spells:

 Spells                   Type           Power        Failure   Level  Hunger
 Sticks to Snakes         Tmut           ##......     12%         2    None
 Spider Form              Tmut/Pois      #.........   36%         3    None
 Ice Form                 Ice/Tmut       #.......     77%         4    None
 Blade Hands              Tmut           ##........   91%         5    None


Dungeon Overview and Level Annotations

Branches:
Dungeon (2/15)

Altars:


Innate Abilities, Weirdness & Mutations

You cannot wear most types of armour.
You are very stealthy in the water. (Stealth+)
You are amphibious.
You can wear up to eight rings at the same time.
You can use your tentacles to constrict eight enemies at once.
Your skin changes colour to match your surroundings (Stealth+).
Your rubbery body absorbs attacks. (AC +1, EV +1)


Message History

There is a lethal amount of poison in your body!
There is a lethal amount of poison in your body!
There is a lethal amount of poison in your body!
* * * LOW HITPOINT WARNING * * *
You feel sick.
Found a cloak.
* * * LOW HITPOINT WARNING * * *
You feel sick.
A hobgoblin comes into view.
Found 8 gold pieces.
Found a stone staircase leading down.
You see here 3 stones.
f - 14 stones (gained 3)
Found a scroll labeled SAPSYK GEAKLUA.
* * * LOW HITPOINT WARNING * * *
You feel sick.
You see here a cloak.
e - a cloak
Okay, then.
You drop a cloak.
You die...

#. #. ?. .## .># ##. #.#
##.. #.####..#
##@......# ###
#.[#####.#
##...#...####.#
#$........##..##########
..............†.........
...........######.......
?..........# #......^.
#g........## #........
##...#...## #....<...


You could see a hobgoblin (asleep).

Vanquished Creatures
  An adder (D:2)
  4 dart slugs
  A leopard gecko (D:1)
  A bat (D:1)
  A giant cockroach (D:2)
  A hobgoblin (D:1)
  4 jackals (D:1)
  2 ball pythons
  A goblin (D:1)
  A kobold (D:1)
  A rat (D:1)
18 creatures vanquished.

Notes
Turn   | Place    | Note
-------+----------+-------------------------------------------
     0 | D:1      | Milting the Octopode Transmuter began the quest for the
                  | Orb.
     0 | D:1      | Reached XP level 1. HP: 13/13 MP: 3/3
   380 | D:1      | Reached XP level 2. HP: 15/18 MP: 1/5
   382 | D:1      | Reached skill level 1 in Stealth
   958 | D:2      | Reached XP level 3. HP: 21/23 MP: 6/6
  1052 | D:2      | HP: 1/23 [poisoned by an adder]
  1056 | D:2      | Succumbed to an adder's poison

Illustrated notes

Levels and vault maps discovered:
D:1:      mrwooster_arrival_statue_3, layout_basic
D:2:      layout_rooms, lemuel_crystal_altar, fedhas_altar_fruit_tree,
          roderic_serpentine_path

Skill      XL: |  1  2 |
---------------+-------+-----
Stealth        | 1 |  1.5
Fighting       | |  1.2
Dodging        | |  2.2
Unarmed Combat | |  3.1
Spellcasting   | |  2.4
Transmutations | |  2.4

Action                   || total
-------------------------++-------
Melee: Unarmed           ||    47
       Constrict         ||    10
       Tentacles         ||     8
       Kick              ||     5
       Punch             ||     1
Throw: Stone             ||    11
 Cast: Beastly Appendage ||     3
  Use: Potion            ||     3
 Stab: Sleeping          ||     4
Armor: Skin              ||     1
Dodge: Dodged            ||    31
